AoeStats
← So sad

MegaRandom

508478151Analyzed
3v3 RM · 8d ago on Sep 22, 2026· 16m 36s· 6 players
Game mode
Random Map
Map size
Normal (6 player)
Population
200
Speed
Normal
Resources
Standard
Victory
Conquest
Starting age
Dark Age
Ending age
Imperial Age
RankedLock teamsTeams togetherTeam positionsShared explorationLock speedFull tech treeHidden civsTurbo modeCheats
Victory
Defeat
🇦🇷 Varangians · Argentina
1509
+10
🇳🇱 Magyars · Netherlands
1480
+12
1469
+11
🇺🇦 Saxons · Ukraine
1376
-11
🇧🇾 Danes · Belarus
1368
-11
🇧🇾 Aztecs · Belarus
1361
-11
SP
7:37 Loom
9:52 Feudal Age
10:50 Double-Bit Axe
12:24 Horse Collar
Wolfie
6:57 Loom
9:28 Feudal Age
10:03 Double-Bit Axe
13:39 Horse Collar
15:24 Scale Barding Armor
stop_whining_start_winning
6:12 Loom
9:16 Feudal Age
9:52 Double-Bit Axe
10:10 Horse Collar
NiL
7:53 Loom
11:34 Feudal Age
15:48 Castle Age
14:19 Scale Mail Armor
14:42 Horse Collar
15:14 Double-Bit Axe
HURMA
8:53 Loom
11:34 Feudal Age
15:27 Double-Bit Axe
18:14 Castle Age
So sad
11:57 Feudal Age
11:03 Loom
Connection lost

Rejoining the realm…

Still unreachable

The connection could not be restored.

Session expired

The server has moved on; the page needs a fresh start.